 Dungeon Crawl Stone Soup version 0.31-a0-237-g2d982f9f85 (webtiles) character file.

Game seed: 10948494520213792635

128 qw the Shooter (level 5, -5/30 HPs)
             Began as a Gargoyle Hexslinger on July 11, 2023.
             Slain by Grinder (9 damage)
             ... on level 3 of the Dungeon.
             The game lasted 00:01:18 (2438 turns).

qw the Shooter (Gargoyle Hexslinger)                Turns: 2438, Time: 00:01:19

Health: -5/30      AC:  9    Str: 11    XL:     5   Next: 11%
Magic:  6/6        EV: 10    Int: 14    God:
Gold:   132        SH:  5    Dex: 14    Spells: 5/6 levels left

rFire   . . .        Y - +1 sling
rCold   . . .        (no shield)
rNeg    + . .        h - +0 ring mail
rPois   inf          (no helmet)
rElec   +            (no cloak)
rCorr   .            (no gloves)
SInv    .            (no boots)
Will    .....        g - amulet of reflection
Stlth   +            (no ring)
HPRegen 0.25/turn    (no ring)
MPRegen 0.10/turn

%: reflection
@: no status effects
A: sickness immunity, AC +4, negative energy resistance 1, electricity
resistance, torment resistance 1, petrification resistance
a: no special abilities


You were on level 3 of the Dungeon.
You visited 1 branch of the dungeon, and saw 4 of its levels.

You collected 132 gold pieces.


Innate Abilities, Weirdness & Mutations

You are immune to sickness and miasma.
Your stone body is resilient. (AC +4)
You are immune to poison.
You resist negative energy. (rN+)
You are resistant to electric shocks. (rElec)
You are resistant to unholy torment.
You are immune to petrification.


   Skills:
 - Level 2.0 Fighting
 + Level 4.7 Ranged Weapons
 - Level 1.0 Armour
 - Level 1.5 Dodging
 - Level 1.0 Spellcasting
 - Level 2.6 Hexes


You had 5 spell levels left.
You knew the following spells:

 Your Spells              Type           Power      Damage    Failure   Level
a - Slow                  Hex            32%        N/A       21%         1

Your spell library contained the following spells:

 Spells                   Type           Power      Damage    Failure   Level
 Inner Flame              Hex/Fire       4%         N/A       71%         3
 Portal Projectile        Hex/Tloc       8%         N/A       71%         3
 Cause Fear               Hex            4%         N/A       90%         4

Inventory:

Hand Weapons
 Y - a +1 sling (weapon)
Armour
 h - a +0 ring mail (worn)
Jewellery
 g - an amulet of reflection (around neck)
Scrolls
 a - a scroll of identify
Potions
 d - a potion of haste {unknown}
 f - 2 potions of curing
 i - a potion of attraction {unknown}
 k - a potion of mutation {unknown}

Dungeon Overview and Level Annotations

Branches:
Dungeon (4/15)
 Temple: D:4-7

Altars:
Xom

Annotations:
D:3 Grinder


Message History

You resist with significant effort.
You shoot a sling bullet.
The sling bullet closely misses Grinder.
Grinder barely misses you.
You shoot a sling bullet.
The sling bullet closely misses Grinder.
Grinder hits you.
You writhe in agony.
2429 ||| STAIRDANCE Grinder hits you.
You climb upwards.
There is a stone staircase leading down here.
You shoot a sling bullet.
The sling bullet closely misses Grinder.
Grinder hits you.
You writhe in agony.
Grinder hits you but does no damage.
You shoot a sling bullet.
The sling bullet closely misses Grinder.
Grinder hits you!
You shoot a sling bullet. The sling bullet hits Grinder.
Grinder is moderately wounded.
Grinder hits you.
You shoot a sling bullet. The sling bullet hits Grinder.
Grinder is moderately wounded.
Grinder hits you but does no damage.
You shoot a sling bullet.
The sling bullet closely misses Grinder.
Grinder gestures at you. You resist with significant effort.
Grinder gestures at you. Pain shoots through your body!
You shoot a sling bullet. The sling bullet hits Grinder.
Grinder is heavily wounded.
Grinder misses you.
You shoot a sling bullet.
The sling bullet closely misses Grinder.
Grinder gestures at you. You resist with significant effort.
You shoot a sling bullet. The sling bullet hits Grinder!
Grinder is severely wounded.
Grinder hits you!
You die...

#...# #.... #...# #....
##########...# #....
#.......##...# ##....
#.......##..)# #####.....
#.......##...####.........
#..............<..##......
#.......##5.#######...####
#.......[@.## ##...#.# #
#######.###...#..#####..###.# #
##.......##..#.#.##...#%####.# #
#........).[......#.#.....##.# #
#####....#####.##.._...##.##.####
####....## #..###.#.###........
.....#.## #..# #.#.######.#..#
.......# #..###..............
#####..#######........#######....


You could see Grinder.

Vanquished Creatures
  4 adders (D:2)
  3 worms
  A dart slug (D:3)
  4 orcs (D:3)
  4 bats
  5 endoplasms
  3 giant cockroaches
  9 goblins
  6 hobgoblins
  7 jackals
  6 quokkas
  9 ball pythons
  3 frilled lizards
  4 kobolds
  4 rats
72 creatures vanquished.

Notes
Turn   | Place    | Note
-------+----------+-------------------------------------------
     0 | D:1      | qw the Gargoyle Hexslinger began the quest for the Orb.
     0 | D:1      | Reached XP level 1. HP: 12/12 MP: 2/2
     0 | D:1      | 0 ||| qw: Version: 0.3-a-52-g30416fa
     0 | D:1      | 0 ||| qw: Game counter: 5420
     0 | D:1      | 0 ||| qw: Melee chars always use a shield: true
     0 | D:1      | 0 ||| qw: God list: Okawaru
     0 | D:1      | 0 ||| qw: Allow faded altars: false
     0 | D:1      | 0 ||| qw: Do Orc after clearing Dungeon:15 true
     0 | D:1      | 0 ||| qw: Do second Lair branch before Depths: true
     0 | D:1      | 0 ||| qw: Lair rune preference: random
     0 | D:1      | 0 ||| qw: Goals: Normal
     0 | D:1      | 0 ||| PLANNING D:1-11
   117 | D:1      | Reached XP level 2. HP: 16/16 MP: 3/3
   152 | D:1      | Reached skill level 3 in Ranged Weapons
   413 | D:1      | Reached XP level 3. HP: 21/21 MP: 4/4
   850 | D:1      | 850 ||| UPGRADING to amulet of reflection.
   855 | D:1      | 855 ||| READING scroll labelled EDODWO KATUEQI.
   856 | D:1      | 856 ||| READING scroll labelled OCEOLE MOULAURIZ.
   857 | D:1      | 857 ||| READING scroll labelled ZYIQAONUTI.
   858 | D:1      | 858 ||| DRINKING 2 bubbling green potions.
   859 | D:1      | 859 ||| DROPPING scroll of poison.
   994 | D:2      | Reached skill level 4 in Ranged Weapons
   994 | D:2      | Reached XP level 4. HP: 15/26 MP: 5/5
  1587 | D:2      | 1587 ||| UPGRADING to +0 leather armour.
  1597 | D:2      | 1597 ||| DROPPING +0 robe.
  1598 | D:2      | 1598 ||| UPGRADING to +0 ring mail.
  1608 | D:2      | 1608 ||| DROPPING +0 leather armour.
  1609 | D:2      | 1609 ||| READING scroll labelled OPHATH LESAFYI.
  1610 | D:2      | 1610 ||| READING scroll labelled JEOWNO GIXAPHU.
  1775 | D:3      | Reached skill level 1 in Armour
  1836 | D:3      | Found a shimmering altar of Xom.
  1885 | D:3      | Reached XP level 5. HP: 30/30 MP: 6/6
  2171 | D:3      | 2171 ||| READING scroll labelled DUEGIM ZUVEADGH.
  2261 | D:4      | Noticed Grinder
  2280 | D:4      | HP: 7/30 [Grinder/nerve-wracking pain (6)]
  2284 | D:4      | 2284 ||| FLEEEEING.
  2285 | D:4      | 2285 ||| FLEEEEING.
  2286 | D:4      | 2286 ||| FLEEEEING.
  2287 | D:4      | 2287 ||| FLEEEEING.
  2298 | D:4      | 2298 ||| FLEEEEING.
  2299 | D:4      | 2299 ||| FLEEEEING.
  2300 | D:4      | 2300 ||| FLEEEEING.
  2301 | D:4      | 2301 ||| FLEEEEING.
  2302 | D:4      | 2302 ||| FLEEEEING.
  2303 | D:4      | 2303 ||| FLEEEEING.
  2304 | D:4      | 2304 ||| FLEEEEING.
  2305 | D:4      | 2305 ||| FLEEEEING.
  2311 | D:4      | 2311 ||| FLEEEEING.
  2312 | D:4      | 2312 ||| FLEEEEING.
  2313 | D:4      | 2313 ||| FLEEEEING.
  2314 | D:4      | 2314 ||| FLEEEEING.
  2315 | D:4      | 2315 ||| FLEEEEING.
  2316 | D:4      | 2316 ||| FLEEEEING.
  2317 | D:4      | 2317 ||| FLEEEEING.
  2318 | D:4      | 2318 ||| FLEEEEING.
  2319 | D:4      | 2319 ||| FLEEEEING.
  2320 | D:4      | 2320 ||| FLEEEEING.
  2321 | D:4      | 2321 ||| FLEEEEING.
  2322 | D:4      | 2322 ||| FLEEEEING.
  2323 | D:4      | 2323 ||| FLEEEEING.
  2324 | D:4      | 2324 ||| FLEEEEING.
  2325 | D:4      | 2325 ||| FLEEEEING.
  2326 | D:4      | 2326 ||| FLEEEEING.
  2327 | D:4      | 2327 ||| FLEEEEING.
  2328 | D:4      | 2328 ||| FLEEEEING.
  2329 | D:4      | 2329 ||| FLEEEEING.
  2330 | D:4      | 2330 ||| FLEEEEING.
  2331 | D:4      | 2331 ||| FLEEEEING.
  2332 | D:4      | 2332 ||| FLEEEEING.
  2333 | D:4      | 2333 ||| FLEEEEING.
  2334 | D:4      | 2334 ||| FLEEEEING.
  2335 | D:4      | 2335 ||| FLEEEEING.
  2336 | D:4      | 2336 ||| FLEEEEING.
  2337 | D:4      | 2337 ||| FLEEEEING.
  2345 | D:4      | 2345 ||| FLEEEEING.
  2346 | D:4      | 2346 ||| FLEEEEING.
  2347 | D:4      | 2347 ||| FLEEEEING.
  2348 | D:4      | 2348 ||| FLEEEEING.
  2349 | D:4      | 2349 ||| STAIRDANCE
  2376 | D:4      | 2376 ||| STAIRDANCE
  2414 | D:4      | 2414 ||| STAIRDANCE
  2429 | D:4      | 2429 ||| STAIRDANCE
  2433 | D:3      | HP: 6/30 [Grinder (5)]
  2438 | D:3      | Slain by Grinder

Levels and vault maps discovered:
D:1:      psy_arrival_conway, layout_basic, dk_noncrumbling_2,
          minmay_box_of_dots
D:2:      layout_loops_cross
D:3:      layout_rooms, lemuel_crystal_altar
D:4:      layout_basic, uniq_natasha, uniq_grinder, uniq_crazy_yiuf_cottage

Skill      XL: |  1  2  3  4 |
---------------+-------------+-----
Ranged Weapons | 3 4 |  4.7
Fighting       | 2 |  2.0
Armour         | 1 |  1.0
Dodging        | |  1.5
Spellcasting   | |  1.0
Hexes          | |  2.6

Action                     |  1- 3 |  4- 6 || total
---------------------------+-------+-------++-------
   Fire: Sling             |   106 |   182 ||   288
    Use: Scroll            |     3 |     3 ||     6
         Potion            |     1 |       ||     1
 Armour: Robe              |    17 |     8 ||    25
         Ring mail         |       |    20 ||    20
  Dodge: Dodged            |    28 |    34 ||    62
  Block: Other             |     9 |    14 ||    23

Table legend:
 A = Non-vault XP
 B = Vault XP
 C = Vault XP percentage of total XP
 D = Non-vault monster count
 E = Vault monster count
 F = Vault count percentage of total count
                 A         B        C        D         E       F
            +---------+---------+-------+---------+---------+-------
      Total |     178 |       5 |   2.7 |      69 |       3 |   4.2
            +---------+---------+-------+---------+---------+-------
        D:1 |      41 |       5 |  10.9 |      25 |       3 |  10.7
        D:2 |      88 |       0 |   0.0 |      21 |       0 |   0.0
        D:3 |      46 |       0 |   0.0 |      21 |       0 |   0.0
        D:4 |       3 |       0 |   0.0 |       2 |       0 |   0.0
            +---------+---------+-------+---------+---------+-------
